 Dungeon Crawl Stone Soup version 0.26-a0-712-ga5a9c9c9d0 (webtiles) character file.

Game seed: 9130911520897077404

43 mkm the Cudgeler (level 3, -4/54 HPs)
             Began as a Troll Berserker on Nov 12, 2020.
             Was a Believer of Trog.
             Slain by a goblin
             ... wielding a +0 dagger
             ... led by Robin
              (6 damage)
             ... on level 2 of the Dungeon on Nov 13, 2020.
             The game lasted 00:13:58 (826 turns).

mkm the Cudgeler (Troll Berserker)                   Turns: 826, Time: 00:13:58

Health: -4/54      AC:  6    Str: 25    XL:     3   Next: 37%
Magic:  2/2        EV: 10    Int:  3    God:    Trog [**....]
Gold:   32         SH:  0    Dex: 10    Spells: 2/2 levels left

rFire    . . .     SeeInvis .   a - +0 mace
rCold    . . .     Faith    .   (no shield)
rNeg     . . .     Spirit   .   e - +0 robe
rPois    .         Reflect  .   (helmet restricted)
rElec    .         Harm     .   (no cloak)
rCorr    .         Rampage  .   (gloves unavailable)
MR       .....                  (boots unavailable)
Stlth    ..........             (no amulet)
HPRegen  0.58/turn              (no ring)
MPRegen  0.08/turn              (no ring)

@: berserking (expiring), very quick
A: large, unfitting armour, claws 3, regeneration 1, shaggy fur 1, tough skin 3
a: Berserk, Trog's Hand, Renounce Religion


You were on level 2 of the Dungeon.
You worshipped Trog.
Trog was pleased with you.
You visited 1 branch of the dungeon, and saw 2 of its levels.

You collected 32 gold pieces.

Inventory:

Hand Weapons
 a - a +0 mace (weapon)
 d - a +0 hunting sling
Missiles
 c - 9 stones (quivered)
Armour
 b - a +0 animal skin
 e - a +0 robe (worn)


   Skills:
 + Level 2.7 Fighting
 + Level 3.3 Maces & Flails
 + Level 2.9 Dodging


You had 2 spell levels left.
You didn't know any spells.
Your spell library was empty.

Dungeon Overview and Level Annotations

Branches:
Dungeon (2/15)

Altars:

Annotations:
D:2 Robin


Innate Abilities, Weirdness & Mutations

You are too large for most types of armour.
You have claws for hands.
Your natural rate of healing is unusually fast.
You are covered in fur. (AC +1)
You have extremely tough skin. (AC +3)


Message History

The goblin no longer looks unusually strong.
The goblin hits you with a +0 dagger.
* * * LOW HITPOINT WARNING * * *
The goblin barely misses you. x2; The goblin hits you with a +0 dagger.
* * * LOW HITPOINT WARNING * * *
The goblin closely misses you. The goblin hits you with a +0 club.
* * * LOW HITPOINT WARNING * * *
The goblin hits you but does no damage.
You miss the goblin. The goblin barely misses you.
The goblin hits you but does no damage. x2; The goblin barely misses you. x3
The goblin hits you.
* * * LOW HITPOINT WARNING * * *
Unknown command.
Okay, then.
You closely miss the goblin.
The goblin no longer looks unusually strong. x2
The goblin hits you with a +0 dagger.
* * * LOW HITPOINT WARNING * * *
The goblin hits you with a +0 dagger.
You die...

.##...###.#........<..##
....#.....#####..######
#......†### ...##
..#......####.####
##.......(.....#
###.......#...#
#.#...#.#...#
>..#....g#g..#
##...#.#.g@gg.#
..#.....gggg.####
..#....#.#gg.....# .
#.#.........##.#
#.#............#
....##.)#...#### ####
#...##.... ...#.# #...#
#...##.. .###


You could see Robin (inner flame), a hobgoblin (strong) and 9 goblins.

Vanquished Creatures
  A dart slug (D:2)
  A leopard gecko (D:2)
  4 bats
  A giant cockroach (D:1)
  7 goblins
  3 hobgoblins (D:1)
  6 jackals (D:1)
  2 frilled lizards (D:1)
  6 kobolds
  5 rats (D:1)
36 creatures vanquished.

Notes
Turn   | Place    | Note
-------+----------+-------------------------------------------
     0 | D:1      | mkm the Troll Berserker began the quest for the Orb.
     0 | D:1      | Reached XP level 1. HP: 22/22 MP: 0/0
   111 | D:1      | Reached XP level 2. HP: 29/29 MP: 1/1
   175 | D:1      | Reached skill level 3 in Maces & Flails
   463 | D:1      | Reached XP level 3. HP: 36/36 MP: 2/2
   468 | D:1      | Reached ** piety under Trog
   803 | D:2      | Noticed Robin
   826 | D:2      | HP: 2/54 [goblin/+0 dagger[Robin] (2)]
   826 | D:2      | Slain by a goblin

Illustrated notes

Levels and vault maps discovered:
D:1:      dpeg_arrival_more_subterranean_lakeside_camping, layout_rooms
D:2:      layout_rooms, uniq_robin

Skill      XL: |  1  2 |
---------------+-------+-----
Maces & Flails | 3 |  3.3
Fighting       | |  2.7
Dodging        | |  2.9

Action                   || total
-------------------------++-------
Melee: Mace              ||   113
Throw: Stone             ||     5
Invok: Berserk           ||     1
  Use: Potion            ||     1
       Scroll            ||     2
Armor: Animal skin       ||    47
       Robe              ||    28
Dodge: Dodged            ||   110

Table legend: (Time is in decaauts)
 A = Elapsed time spent in this place.
 B = Non-inter-level travel time spent in this place.
 C = Inter-level travel time spent in this place.
 D = Time resting spent in this place.
 E = Time spent auto-exploring this place.
 F = Levels seen in this place.
 G = Mean time per level.
                   A        B        C        D        E       F      G
               +--------+--------+--------+--------+--------+-----+--------+
         Total |    851 |    851 |      0 |      0 |    405 |   2 |  425.5 |
       Dungeon |    851 |    851 |      0 |      0 |    405 |   2 |  425.5 |
               +--------+--------+--------+--------+--------+-----+--------+

Top non-repeatable levels by time:
     D:1: 694 daAuts
     D:2: 157 daAuts
